 Dungeon Crawl Stone Soup version 0.26.0-10-g1f06aea511 (webtiles) character file.

Game seed: 3774793778824643029

43 sanka the Covert (level 3, -5/34 HPs)
             Began as a Naga Delver on Jan 20, 2021.
             Slain by a big kobold
             ... wielding a +0 club
              (6 damage)
             ... in a sewer.
             The game lasted 00:01:29 (733 turns).

sanka the Covert (Naga Delver)                       Turns: 733, Time: 00:01:30

Health: -5/34      AC:  2    Str: 14    XL:     3   Next: 58%
Magic:  3/3        EV:  9    Int: 11    God:
Gold:   45         SH:  0    Dex: 12    Spells: 2/2 levels left

rFire    . . .     SeeInvis +   a - +0 hand axe
rCold    . . .     Faith    .   (no shield)
rNeg     . . .     Spirit   .   b - +0 leather armour
rPois    +         Reflect  .   (no helmet)
rElec    .         Harm     .   (no cloak)
rCorr    .         Rampage  .   (no gloves)
Will     .....                  (no barding)
Stlth    +++.......             (no amulet)
HPRegen  0.11/turn              (no ring)
MPRegen  0.08/turn              (no ring)

@: very slow
A: large, see invisible, deformed body, poison resistance, slowness 2, spit
poison 1, AC +1
a: Spit Poison


You were in a sewer.
You visited 1 branch of the dungeon, and saw 3 of its levels.
You also visited: Sewer.

You collected 45 gold pieces.


Innate Abilities, Weirdness & Mutations

You cannot wear boots.
Your serpentine skin is tough. (AC +1)
You have supernaturally acute eyesight. (SInv)
Armour fits poorly on your strangely shaped body.
Your system is resistant to poisons. (rPois)
You cover ground very slowly.
You can spit poison.


   Skills:
 + Level 3.5 Fighting
 + Level 2.6 Axes
 - Level 1.5 Dodging
 - Level 8.0 Stealth


You had 2 spell levels left.
You didn't know any spells.
Your spell library was empty.

Inventory:

Hand Weapons
 a - a +0 hand axe (weapon)
Armour
 b - a +0 leather armour (worn)
Jewellery
 j - an uncursed ring of fire
Wands
 g - a wand of digging (3)
Scrolls
 c - a scroll of fog
 d - a scroll of magic mapping
 e - a scroll of fear
 h - a scroll of enchant armour {unknown}
 i - a scroll of identify {unknown}
 k - a scroll of amnesia {unknown}
Potions
 f - a potion of haste {@q3}

Dungeon Overview and Level Annotations

Branches:
Dungeon (5/15)              Sewer (1/1)
 Temple: D:4-7

Altars:

Annotations:
D:4 exclusion: phantom

▒▒≈≈≈▒▒ ▒.≈≈≈.▒ ▒▒▒.≈≈≈.▒
▒∩..≈≈≈.▒ ▒▒▒.≈≈≈.▒ ▒.≈≈≈.▒
▒▒.≈≈≈≈▒▒
▒.≈≈≈≈≈≈▒▒▒▒▒▒▒▒▒▒▒▒▒▒▒▒▒▒▒▒
▒≈≈≈≈≈≈KKKKN≈≈≈≈≈≈≈≈≈≈≈≈≈≈≈.
▒≈≈≈≈≈.≈▒▒▒▒▒▒▒▒▒▒▒▒▒▒▒▒▒▒▒▒
▒.≈≈≈≈≈†▒ ▒.≈≈≈≈KK▒
▒.≈≈≈≈≈.▒ ▒.≈≈≈≈≈≈▒
▒.≈≈≈≈≈.▒ ▒..≈≈≈.≈▒
▒...≈)≈.▒


You could see a big kobold (poisoned) and 3 kobolds.


Message History

The big kobold splashes around in the water.
Use which ability? (? or * to list)
Aim: a big kobold, wielding a +0 club (lightly wounded)
The splash of poison misses the big kobold.
The big kobold closely misses you. The big kobold closely misses you.
You have got your breath back.
Use which ability? (? or * to list)
Aim: a big kobold, wielding a +0 club (lightly wounded)
The splash of poison hits the big kobold.
The big kobold is poisoned.
The big kobold is moderately wounded.
The big kobold hits you with a +0 club.
* * * LOW HITPOINT WARNING * * *
You hit the big kobold but do no damage.
The big kobold is moderately wounded.
The big kobold completely misses you.
You hit the big kobold.
The big kobold is heavily wounded.
The big kobold hits you with a +0 club!
* * * LOW HITPOINT WARNING * * *
You hit the big kobold.
The big kobold is severely wounded.
The big kobold hits you with a +0 club!
* * * LOW HITPOINT WARNING * * *
You hit the big kobold but do no damage.
The big kobold is severely wounded.
You have got your breath back.
The big kobold hits you with a +0 club.
You die...

Action                   || total
-------------------------++-------
Melee: Hand axe          ||    44
 Abil: Spit Poison       ||     6
 Stab: Sleeping          ||     6
Armor: Leather armour    ||     9
Dodge: Dodged            ||    19

Levels and vault maps discovered:
D:3:      layout_basic, cheibrodos_sewer_entry_bend
D:4:      layout_basic, tso_metal_star
D:5:      layout_basic, nicolae_overflow_crystal_walls
Sewer:    sewer_kobolds

Notes
Turn   | Place    | Note
-------+----------+-------------------------------------------
     0 | D:5      | sanka the Naga Delver began the quest for the Orb.
     0 | D:5      | Reached XP level 1. HP: 21/21 MP: 1/1
   151 | D:4      | Noticed a phantom
   172 | D:4      | Noticed a worker ant
   181 | D:4      | Killed a worker ant
   182 | D:4      | Reached skill level 8 in Stealth
   182 | D:4      | Reached XP level 2. HP: 18/28 MP: 2/2
   182 | D:4      | Reached XP level 3. HP: 22/34 MP: 3/3
   408 | D:3      | Found a glowing drain.
   416 | Sewer    | Entered a sewer
   705 | Sewer    | Noticed a big kobold
   732 | Sewer    | HP: 1/34 [big kobold/+0 club (8)]
   733 | Sewer    | Slain by a big kobold

Vanquished Creatures
  A worker ant (D:4)
  A river rat (Sewer)
  A leopard gecko (D:3)
  A ball python (D:4)
  A jackal (Sewer)
  A ball python skeleton (D:4)
  A kobold (Sewer)
  A leopard gecko skeleton (D:4)
  5 rats
13 creatures vanquished.

Table legend: (Time is in decaauts)
 A = Elapsed time spent in this place.
 B = Non-inter-level travel time spent in this place.
 C = Inter-level travel time spent in this place.
 D = Time resting spent in this place.
 E = Time spent auto-exploring this place.
 F = Levels seen in this place.
 G = Mean time per level.
                   A        B        C        D        E       F      G
               +--------+--------+--------+--------+--------+-----+--------+
         Total |    890 |    882 |      8 |    359 |    335 |   4 |  222.5 |
       Dungeon |    508 |    500 |      8 |    158 |    251 |   3 |  169.3 |
         Sewer |    381 |    381 |      0 |    201 |     84 |   1 |  381.0 |
               +--------+--------+--------+--------+--------+-----+--------+

Top non-repeatable levels by time:
   Sewer: 381 daAuts
     D:4: 365 daAuts
     D:3: 133 daAuts
     D:5: 9 daAuts
